PA
WASHINGTON GENERALS @ WALLA WALLA WALLEYE
08/11/2025
 
TOP OF THE 1ST
Washington Generals batting - Pitching for Walla Walla Walleye : RHP Anatoly Ivanovich
Pitching: RHP Anatoly Ivanovich
Batting: SHB Dennis Barraclough 0-0: Ball
1-0: Ball
2-0: Ball
3-0: Swinging Strike
3-1: Foul Ball, location: 2F
3-2: Strikes out swinging, 2-3 out at first.
Batting: RHB Raúl García 0-0: Called Strike
0-1: Ball
1-1: Ball
2-1: Foul Ball, location: 2F
2-2: Ball
3-2: Fly out, F9 (Flyball, 9D)
Batting: SHB Enrique Costello 0-0: Ground out 4-3 (Groundball, 4)
Top of the 1st over - 0 run(s), 0 hit(s), 0 error(s), 0 left on base; Washington 0 - Walla Walla 0
BOTTOM OF THE 1ST
Walla Walla Walleye batting - Pitching for Washington Generals : RHP Rodas Aguilar
Pitching: RHP Rodas Aguilar
Batting: RHB Isuru Tanaka 0-0: Ball
1-0: Ball
2-0: Called Strike
2-1: Swinging Strike
2-2: Ball
3-2: Strikes out swinging
Batting: RHB Teofanía Contreras 0-0: Ball
1-0: Foul Ball, location: 2F
1-1: Called Strike
1-2: Strikes out swinging
Batting: RHB Jing-sheng Joo 0-0: Called Strike
0-1: Ball
1-1: Ground out 5-3 (Groundball, 56S)
Bottom of the 1st over - 0 run(s), 0 hit(s), 0 error(s), 0 left on base; Washington 0 - Walla Walla 0
TOP OF THE 2ND
Washington Generals batting - Pitching for Walla Walla Walleye : RHP Anatoly Ivanovich
Batting: RHB Britt Lynch 0-0: Ball
1-0: Fly out, F3 (Line Drive, 3L)
Batting: RHB Gustavo González 0-0: Foul Ball, location: 2F
0-1: Ball
1-1: SINGLE (Groundball, 56D)
Batting: RHB Roberto Aguirre 0-0: Ball
1-0: Grounds into double play, 6-4-3 (Groundball, 6)
Top of the 2nd over - 0 run(s), 1 hit(s), 0 error(s), 0 left on base; Washington 0 - Walla Walla 0
BOTTOM OF THE 2ND
Walla Walla Walleye batting - Pitching for Washington Generals : RHP Rodas Aguilar
Batting: LHB Michael Malloy 0-0: Foul Ball, location: 2F
0-1: Ball
1-1: Ground out 3-1 (Groundball, 34)
Batting: RHB Joe Dundee 0-0: SINGLE (Line Drive, 6M)
Batting: LHB Gareth Monahan 0-0: Swinging Strike
Joe Dundee steals 2nd base
0-1: Fly out, F8 (Flyball, 8RD)
Runner from 2nd tags up, SAFE at 3rd, no throw
Batting: SHB Horatio McAllister 0-0: Ball
1-0: Foul Ball, location: 2F
1-1: Ball
2-1: Foul Ball, location: 2F
2-2: Fly out, F9 (Flyball, 89S)
Bottom of the 2nd over - 0 run(s), 1 hit(s), 0 error(s), 1 left on base; Washington 0 - Walla Walla 0
TOP OF THE 3RD
Washington Generals batting - Pitching for Walla Walla Walleye : RHP Anatoly Ivanovich
Batting: RHB Mike Isley 0-0: Called Strike
0-1: SINGLE (Groundball, 4MD)
Batting: RHB José Rivera 0-0: Fly out, F9 (Flyball, 89M)
Batting: RHB Michael Douglas 0-0: Ball
1-0: Foul Ball, location: 2F
1-1: Fielders Choice at 2nd, 1-6 (Groundball, 13)
Batting: SHB Dennis Barraclough 0-0: Called Strike
0-1: Foul Ball, location: 2F
0-2: Ball
1-2: Strikes out swinging
Top of the 3rd over - 0 run(s), 1 hit(s), 0 error(s), 1 left on base; Washington 0 - Walla Walla 0
BOTTOM OF THE 3RD
Walla Walla Walleye batting - Pitching for Washington Generals : RHP Rodas Aguilar
Batting: RHB Juan Martínez 0-0: Ball
1-0: Swinging Strike
1-1: Called Strike
1-2: Strikes out swinging
Batting: RHB Randolph Descoteaux 0-0: Called Strike
0-1: Called Strike
0-2: Foul Ball, location: 2F
0-2: Ball
1-2: Foul Ball, location: 2F
1-2: Foul Ball, location: 2F
1-2: Ground out 5-3 (Groundball, 56S)
Batting: RHB Isuru Tanaka 0-0: Ball
1-0: Fly out, F2 (Popup, 23)
Bottom of the 3rd over - 0 run(s), 0 hit(s), 0 error(s), 0 left on base; Washington 0 - Walla Walla 0
TOP OF THE 4TH
Washington Generals batting - Pitching for Walla Walla Walleye : RHP Anatoly Ivanovich
Batting: RHB Raúl García 0-0: Called Strike
0-1: Ball
1-1: Ball
2-1: Fly out, F8 (Flyball, 8RS)
Batting: SHB Enrique Costello 0-0: Ball
1-0: Ground out U3 (Groundball, 34S)
Batting: RHB Britt Lynch 0-0: Called Strike
0-1: Swinging Strike
0-2: Strikes out swinging
Top of the 4th over - 0 run(s), 0 hit(s), 0 error(s), 0 left on base; Washington 0 - Walla Walla 0
BOTTOM OF THE 4TH
Walla Walla Walleye batting - Pitching for Washington Generals : RHP Rodas Aguilar
Batting: RHB Teofanía Contreras 0-0: Ball
1-0: Ball
2-0: SINGLE (Line Drive, 89S)
Batting: RHB Jing-sheng Joo 0-0: Ball
1-0: Fly out, F3 (Line Drive, 34)
Batting: LHB Michael Malloy 0-0: Ball
1-0: Foul Ball, location: 2F
1-1: Swinging Strike
1-2: Ball
2-2: Fly out, F7 (Flyball, 7LS)
Batting: RHB Joe Dundee 0-0: Ball
Teofanía Contreras steals 2nd base
1-0: Fly out, F8 (Flyball, 8RD)
Bottom of the 4th over - 0 run(s), 1 hit(s), 0 error(s), 1 left on base; Washington 0 - Walla Walla 0
TOP OF THE 5TH
Washington Generals batting - Pitching for Walla Walla Walleye : RHP Anatoly Ivanovich
Batting: RHB Gustavo González 0-0: Called Strike
0-1: Ball
1-1: Ground out 5-3 (Groundball, 5)
Batting: RHB Roberto Aguirre 0-0: Ball
1-0: Ball
2-0: SINGLE (Groundball, 34) (infield hit)
Batting: RHB Mike Isley 0-0: Called Strike
0-1: Foul Ball, location: 2F
0-2: Fly out, F8 (Flyball, 8RM)
Batting: RHB José Rivera 0-0: Called Strike
Roberto Aguirre steals 2nd base
0-1: Ball
1-1: Swinging Strike
1-2: Strikes out swinging
Top of the 5th over - 0 run(s), 1 hit(s), 0 error(s), 1 left on base; Washington 0 - Walla Walla 0
BOTTOM OF THE 5TH
Walla Walla Walleye batting - Pitching for Washington Generals : RHP Rodas Aguilar
Batting: LHB Gareth Monahan 0-0: Called Strike
0-1: Ground out U3 (Groundball, 3)
Batting: SHB Horatio McAllister 0-0: Called Strike
0-1: Swinging Strike
0-2: Ball
1-2: Strikes out looking
Batting: RHB Juan Martínez 0-0: Foul Ball, location: 2F
0-1: Ball
1-1: Foul Ball, location: 2F
1-2: Ball
2-2: Ball
3-2: Foul Ball, location: 2F
3-2: Foul Ball, location: 2F
3-2: Foul Ball, location: 2F
3-2: Foul Ball, location: 2F
3-2: Foul Ball, location: 2F
3-2: Ground out 6-3 (Groundball, 6S)
Bottom of the 5th over - 0 run(s), 0 hit(s), 0 error(s), 0 left on base; Washington 0 - Walla Walla 0
TOP OF THE 6TH
Washington Generals batting - Pitching for Walla Walla Walleye : RHP Anatoly Ivanovich
Batting: RHB Michael Douglas 0-0: Ball
1-0: Foul Ball, location: 2F
1-1: SINGLE (Line Drive, 7LM)
Batting: SHB Dennis Barraclough 0-0: Bunted foul
0-1: Bunted foul
0-2: Fly out, F4 (Popup, 4MD)
Batting: RHB Raúl García 0-0: Foul Ball, location: 2F
0-1: Foul Ball, location: 2F
0-2: Single, Error in OF, E7, batter to second base
Michael Douglas to third
Batting: SHB Enrique Costello 0-0: Ball
1-0: Called Strike
1-1: Fly out, F7 (Flyball, 7S)
Batting: RHB Britt Lynch 0-0: Swinging Strike
0-1: Ball
1-1: Foul Ball, location: 2F
1-2: Foul Ball, location: 2F
1-2: Ball
2-2: Ball
3-2: SINGLE (Groundball, 56D)
Michael Douglas scores
Raúl García to third
Raúl García scores
Batting: RHB Gustavo González 0-0: Called Strike
0-1: Ball
1-1: Ball
2-1: Ball
3-1: Called Strike
3-2: Strikes out swinging
Top of the 6th over - 2 run(s), 3 hit(s), 1 error(s), 1 left on base; Washington 2 - Walla Walla 0
BOTTOM OF THE 6TH
Walla Walla Walleye batting - Pitching for Washington Generals : RHP Rodas Aguilar
Batting: RHB Randolph Descoteaux 0-0: Ball
1-0: Ground out 5-3 (Groundball, 56)
Batting: RHB Isuru Tanaka 0-0: Ball
1-0: Bunt missed!
1-1: Ball
2-1: Foul Ball, location: 2F
2-2: Fly out, F7 (Line Drive, 7)
Batting: RHB Teofanía Contreras 0-0: SINGLE (Flyball, 89S)
Batting: RHB Jing-sheng Joo 0-0: SINGLE (Groundball, 56D)
Teofanía Contreras to second
Batting: LHB Michael Malloy 0-0: Fielders Choice at 2nd, 4-6 (Groundball, 4)
Bottom of the 6th over - 0 run(s), 2 hit(s), 0 error(s), 1 left on base; Washington 2 - Walla Walla 0
TOP OF THE 7TH
Washington Generals batting - Pitching for Walla Walla Walleye : RHP Anatoly Ivanovich
Batting: RHB Roberto Aguirre 0-0: Called Strike
0-1: Foul Ball, location: 2F
0-2: Ball
1-2: Ball
2-2: Ball
3-2: Ground out 4-3 (Groundball, 4)
Batting: RHB Mike Isley 0-0: Foul Ball, location: 2F
0-1: Ball
1-1: Foul Ball, location: 2F
1-2: Fly out, F9 (Flyball, 89M)
Batting: RHB José Rivera 0-0: Ball
1-0: SINGLE (Flyball, 8LS)
Batting: RHB Michael Douglas 0-0: SINGLE (Groundball, 56D)
José Rivera to second
Pinch Hitting: RHB Jim Unknown 0-0: Ball
1-0: Foul Ball, location: 2F
1-1: Called Strike
1-2: Fly out, F9 (Flyball, 9S)
Top of the 7th over - 0 run(s), 2 hit(s), 0 error(s), 2 left on base; Washington 2 - Walla Walla 0
BOTTOM OF THE 7TH
Walla Walla Walleye batting - Pitching for Washington Generals : RHP Rodas Aguilar
Now in CF: Jim Unknown
Batting: RHB Joe Dundee 0-0: Ball
1-0: Fly out, F9 (Flyball, 89S)
Batting: LHB Gareth Monahan 0-0: Fly out, F8 (Flyball, 89S)
Batting: SHB Horatio McAllister 0-0: Foul Ball, location: 2F
0-1: Ball
1-1: Single, Error in OF, E9, batter to second base
Pitching: LHP Tyrone Marone
Batting: RHB Juan Martínez 0-0: Ball
1-0: Foul Ball, location: 2F
1-1: Ground out 5-3 (Groundball, 56S)
Bottom of the 7th over - 0 run(s), 1 hit(s), 1 error(s), 1 left on base; Washington 2 - Walla Walla 0
TOP OF THE 8TH
Washington Generals batting - Pitching for Walla Walla Walleye : RHP Anatoly Ivanovich
Batting: RHB Raúl García 0-0: Ball
1-0: Ball
2-0: Called Strike
2-1: Ground out 4-3 (Groundball, 4)
Pitching: LHP Reid Garrett
Batting: SHB Enrique Costello 0-0: Ball
1-0: Ball
2-0: Foul Ball, location: 2F
2-1: Ground out 4-3 (Groundball, 4)
Batting: RHB Britt Lynch 0-0: Ball
1-0: Ball
2-0: Ball
3-0: Called Strike
3-1: Called Strike
3-2: Base on Balls
Batting: RHB Gustavo González 0-0: Ball
1-0: Foul Ball, location: 2F
1-1: Called Strike
1-2: Strikes out swinging
Top of the 8th over - 0 run(s), 0 hit(s), 0 error(s), 1 left on base; Washington 2 - Walla Walla 0
BOTTOM OF THE 8TH
Walla Walla Walleye batting - Pitching for Washington Generals : LHP Tyrone Marone
Now at 2B: Jim Unknown
Batting: RHB Randolph Descoteaux 0-0: Swinging Strike
0-1: Ball
1-1: Fly out, F7 (Flyball, 7LMF)
Now in LF: Wilbur Kramer
Batting: RHB Isuru Tanaka 0-0: Ball
1-0: Foul Ball, location: 2F
1-1: Swinging Strike
1-2: Ground out 5-3 (Groundball, 56S)
Batting: RHB Teofanía Contreras 0-0: Ball
1-0: Ball
2-0: Called Strike
2-1: Foul Ball, location: 2F
2-2: Ball
3-2: Fly out, F7 (Line Drive, 7)
Bottom of the 8th over - 0 run(s), 0 hit(s), 0 error(s), 0 left on base; Washington 2 - Walla Walla 0
TOP OF THE 9TH
Washington Generals batting - Pitching for Walla Walla Walleye : LHP Reid Garrett
Pitching: LHP Jim Unknown
Batting: RHB Jim Unknown 0-0: Called Strike
0-1: Ball
1-1: Ball
2-1: Foul Ball, location: 2F
2-2: SINGLE (Groundball, 13S) (infield hit)
Batting: RHB Mike Isley 0-0: Bunted foul
0-1: Sac Bunt - play at first, batter OUT! 1-4
Jim Unknown to second
Batting: RHB Wilbur Kramer 0-0: Ball
Jim Unknown steals 3rd base
1-0: Ball
2-0: Ball
3-0: Called Strike
3-1: Foul Ball, location: 2F
3-2: Strikes out swinging
Batting: RHB Michael Douglas 0-0: Ball
1-0: Ball
2-0: Ball
3-0: Base on Balls
Batting: RHB Jim Unknown 0-0: Ball
1-0: Foul Ball, location: 2F
1-1: Foul Ball, location: 2F
1-2: Foul Ball, location: 2F
1-2: Ball
2-2: Foul Ball, location: 2F
2-2: Strikes out swinging
Top of the 9th over - 0 run(s), 1 hit(s), 0 error(s), 2 left on base; Washington 2 - Walla Walla 0
BOTTOM OF THE 9TH
Walla Walla Walleye batting - Pitching for Washington Generals : LHP Tyrone Marone
Pitching: LHP Oliverios Cayetano
Batting: RHB Jing-sheng Joo 0-0: Called Strike
0-1: Called Strike
0-2: Ball
1-2: Ground out 6-3 (Groundball, 6)
Batting: LHB Michael Malloy 0-0: Called Strike
0-1: Ball
1-1: Ball
2-1: Ground out 4-3 (Groundball, 4)
Batting: RHB Joe Dundee 0-0: Fly out, F8 (Flyball, 8LM)
Bottom of the 9th over - 0 run(s), 0 hit(s), 0 error(s), 0 left on base; Washington 2 - Walla Walla 0
Friday, December 30th, 2016 - OOTP Baseball 17.12 Build 75